AoeStats
← You eff oh

Black Forest

510124978Analyzed
2v2 RM · 3d ago on Sep 29, 2026· 59m 10s· 4 players
Game mode
Random Map
Map size
Medium (4 player)
Population
200
Speed
Normal
Resources
Standard
Victory
Conquest
Starting age
Dark Age
Ending age
Imperial Age
RankedLock teamsTeams togetherTeam positionsShared explorationLock speedFull tech treeHidden civsTurbo modeCheats
Victory
Defeat
🇫🇷 Byzantines · France
897
+15
🇩🇪 Koreans · Germany
864
+22
🇺🇸 Slavs · United States
876
-16
🇺🇸 Goths · United States
854
-15
^8Fischy^3123
0:33 Loom
12:56 Feudal Age
14:15 Double-Bit Axe
22:54 Castle Age
21:17 Stone Mining
21:38 Horse Collar
22:41 Gold Mining
25:07 Wheelbarrow
24:41 Heavy Plow
27:01 Fletching
29:23 Bow Saw
30:51 Hand Cart
31:17 Bodkin Arrow
32:10 Stone Shaft Mining
32:13 Gold Shaft Mining
35:28 Imperial Age
35:25 Forging
35:52 Caravan
35:31 Elite Fire Lancer
36:52 Town Watch
38:00 Bracer
38:35 Iron Casting
38:16 Elite War Wagon
39:32 Scale Mail Armor
39:37 Scale Barding Armor
40:40 Shinkichon
42:23 Chemistry
41:21 Murder Holes
57:12 Ballistics
56:44 Heated Shot
Bélisaire
0:28 Loom
15:00 Feudal Age
22:24 Castle Age
20:18 Gold Mining
21:25 Stone Mining
21:24 Double-Bit Axe
21:21 Horse Collar
23:51 Bow Saw
24:19 Gold Shaft Mining
25:18 Stone Shaft Mining
27:56 Wheelbarrow
31:25 Imperial Age
29:52 Heavy Plow
29:59 Caravan
30:44 Forging
30:40 Scale Barding Armor
30:25 Fletching
32:11 Iron Casting
31:42 Squires
31:28 Arson
32:52 Chain Barding Armor
32:50 Hand Cart
33:06 Husbandry
33:44 Ballistics
33:57 Bodkin Arrow
36:00 Logistica
37:34 Conscription
37:40 Elite Cataphract
39:23 Plate Barding Armor
39:47 Crop Rotation
39:41 Bracer
42:54 Two-Man Saw
48:30 Fervor
49:53 Scale Mail Armor
50:55 Chemistry
49:19 Elite Varangian Guard
52:39 Redemption
53:52 Hoardings
53:11 Capped Ram
53:12 Onager
53:15 Crossbowman
54:00 Thumb Ring
53:16 Elite Skirmisher
53:19 Man-at-Arms
58:54 Siege Ram
59:57 Sanctity
59:19 Treadmill Crane
60:00 Bombard Tower
60:01 Shipwright
59:51 Fortified Wall
59:37 Murder Holes
59:52 Careening
59:33 Guard Tower
59:29 Arrowslits
59:49 Siphons
59:58 Guilds
Shadowsnake
12:34 Feudal Age
14:07 Wheelbarrow
14:30 Horse Collar
20:33 Forging
20:28 Scale Mail Armor
20:57 Double-Bit Axe
27:27 Castle Age
25:56 Gold Mining
25:58 Stone Mining
28:36 Hand Cart
29:31 Stone Shaft Mining
29:02 Squires
29:41 Iron Casting
29:22 Chain Mail Armor
28:51 Pikeman
30:51 Bow Saw
30:43 Heavy Plow
39:20 Anarchy
41:16 Coinage
41:58 Caravan
48:14 Imperial Age
48:39 Halberdier
51:20 Conscription
53:15 Blast Furnace
52:28 Perfusion
51:52 Elite Huskarl
57:42 Town Watch
57:53 Town Watch
You eff oh
5:20 Loom
17:05 Feudal Age
17:26 Horse Collar
17:32 Double-Bit Axe
18:34 Wheelbarrow
17:41 Man-at-Arms
23:02 Castle Age
21:20 Fletching
24:01 Heavy Plow
24:13 Bow Saw
24:24 Hand Cart
24:22 Bodkin Arrow
24:30 Padded Archer Armor
24:31 Scale Mail Armor
24:41 Forging
27:31 Leather Archer Armor
27:32 Chain Mail Armor
27:53 Iron Casting
27:11 Town Watch
28:05 Long Swordsman
29:27 Town Patrol
30:31 Gold Mining
30:33 Stone Mining
30:11 Crossbowman
30:20 Crossbowman
36:05 Imperial Age
34:45 Ballistics
34:38 Masonry
36:18 Guard Tower
36:13 Heavy Scorpion
37:48 Crop Rotation
37:55 Ring Archer Armor
37:40 Redemption
38:36 Two-Man Saw
39:11 Onager
41:26 Detinets
41:33 Druzhina
43:34 Caravan
43:23 Siege Onager
46:27 Elite Boyar
47:39 Scale Barding Armor
50:05 Blast Furnace
49:26 Chain Barding Armor
49:31 Siege Engineers
50:27 Capped Ram
54:47 Chemistry
Connection lost

Rejoining the realm…

Still unreachable

The connection could not be restored.

Session expired

The server has moved on; the page needs a fresh start.